 Dungeon Crawl Stone Soup version 0.31.0-11-ge490571c62 (webtiles) character file.

Game seed: 17976989422119467723

1011 jasper the Cleaver (level 8, -8/61 HPs)
             Began as a Ghoul Gladiator on Feb 1, 2024.
             Was a Believer of Okawaru.
             Mangled by an orc warrior
             ... wielding a +0 battleaxe
              (12 damage)
             ... on level 7 of the Dungeon.
             The game lasted 00:06:26 (4108 turns).

jasper the Cleaver (Ghoul Gladiator)                Turns: 4108, Time: 00:06:26

Health: -8/61      AC: 12    Str: 18    XL:     8   Next: 21%
Magic:  0/8        EV:  6    Int:  9    God:    Okawaru [**....]
Gold:   240        SH:  0    Dex: 16    Spells: 7/7 levels left

rFire   . . .        a - +0 war axe
rCold   + . .        (no shield)
rNeg    + + +        t - +0 plate armour
rPois   ∞            c - +1 helmet
rElec   .            (no cloak)
rCorr   +            (no gloves)
SInv    .            (no boots)
Will    .....        q - amulet of guardian spirit Stlth
                     l - ring of resist corrosion
HPRegen 0.00/turn    n - +6 ring of dexterity
MPRegen 0.11/turn

%: guardian spirit
@: inhibited regen
A: claws 1, cold resistance 1, negative energy resistance 3, inhibited
regeneration, torment resistance 2, devour on kill
a: Renounce Religion, Heroism


You were on level 7 of the Dungeon.
You worshipped Okawaru.
Okawaru was pleased with you.
You visited 1 branch of the dungeon, and saw 5 of its levels.

You collected 240 gold pieces.

Inventory:

Hand Weapons
 a - a +0 war axe (weapon)
 o - a +2 whip of electrocution
Missiles
 e - 5 javelins
 p - 15 stones (quivered)
Armour
 b - a +0 leather armour
 c - a +1 helmet (worn)
 i - a +0 chain mail
 k - a +0 scale mail
 t - a +0 plate armour (worn)
Jewellery
 l - a ring of resist corrosion (left claw)
 n - a +6 ring of dexterity (right claw)
 q - an amulet of guardian spirit (around neck)
 r - an amulet of faith
Wands
 h - a wand of flame (15)
Scrolls
 f - a scroll of identify
Potions
 g - 2 potions of mutation
 j - a potion of magic
 m - a potion of might
 s - a potion of degeneration
 v - a potion of enlightenment {unknown}


   Skills:
 - Level 2.1 Fighting
 + Level 9.0 Axes
 - Level 1.7 Throwing
 - Level 2.6 Dodging


You had 7 spell levels left.
You didn't know any spells.
Your spell library contained the following spells:

 Spells                   Type           Power      Damage    Failure   Level
 Freeze                   Ice            0%         1d3       100%        1
 Shock                    Conj/Air       0%         1d3       100%        1
 Frozen Ramparts          Ice            0%         1d1       100%        3
 Fugue of the Fallen      Necr           0%         N/A       100%        3
 Gell's Gravitas          Tloc           0%         N/A       100%        3
 Hailstorm                Conj/Ice       0%         3d5       100%        3
 Ozocubu's Armour         Ice            0%         N/A       100%        3
 Swiftness                Air            0%         N/A       100%        3
 Teleport Other           Tloc           0%         N/A       100%        3
 Airstrike                Air            0%         2d(0-16)  100%        4
 Manifold Assault         Tloc           0%         N/A       100%        4
 Dispersal                Tloc           0%         N/A       100%        6


Dungeon Overview and Level Annotations

Branches:
Dungeon (7/15)
 Temple: D:4-7

Altars:
Fedhas
Okawaru

Shops:
D:3 =


Innate Abilities, Weirdness & Mutations

You are immune to poison.
You have sharp fingernails.
Your flesh is cold resistant. (rC+)
You are immune to negative energy. (rN+++)
You do not regenerate when monsters are visible.
You are immune to unholy pain and torment.
You thrive by killing the living.


Message History

The orc hits you but does no damage.
You closely miss the orc warrior. You barely miss the orc.
The orc warrior hits you with a +0 battleaxe.
The orc hits you with a +0 club.
You closely miss the orc warrior. You hit the orc.
The orc warrior closely misses you. The orc barely misses you.
You barely miss the orc warrior. You hit the orc.
The orc warrior barely misses you. The orc hits you with a +0 club.
You hit the orc warrior but do no damage.
You hit the orc. You barely miss the orc warrior. You closely miss the orc.
The orc warrior hits you with a +0 battleaxe.
The orc hits you but does no damage.
You closely miss the orc warrior. You barely miss the orc.
The orc warrior hits you with a +0 battleaxe!
The orc hits you but does no damage.
Unknown command.
You closely miss the orc warrior. You slash the orc!
You kill the orc!
Okawaru accepts your kill.
You feel better.
The orc warrior hits you with a +0 battleaxe!
You hit the orc warrior.
The orc warrior is lightly wounded.
The orc warrior hits you with a +0 battleaxe.
You completely miss the orc warrior.
The orc warrior is lightly wounded.
You closely miss the orc warrior.
The orc warrior is lightly wounded.
The orc warrior hits you with a +0 battleaxe!
* * * LOW HITPOINT WARNING * * *
You barely miss the orc warrior.
The orc warrior is lightly wounded.
The orc warrior hits you with a +0 battleaxe!
* * * LOW HITPOINT WARNING * * *
You slash the orc warrior!
The orc warrior is severely wounded.
You feel like a meek peon again.
The orc warrior hits you with a +0 battleaxe!
You die...

#.#####.###.###.#
#.............#.#
#######.###.#.#.#
#.# #.#.#.# #####
#.###.#.#.#
#...####.........#
#.#.†............##
#...########.......
##@)#............##
#o#............##
..###.#######.#.# #
...# .# #.#.###
..##. .# #.....# .
. .. ##.#.#.# ## ..
#....#.# #h#
#..###.# .#
#.......


You could see an orc warrior.

Vanquished Creatures
  A hornet (D:7)
  A wraith (D:7)
  A black bear (D:7)
  An ogre (D:4)
  2 scorpions (D:4)
  2 hounds
  An orc priest (D:2)
  A sleepcap (D:4)
  A gnoll bouda (D:7)
  Ijyb (D:3)
  Robin (D:3)
  2 adders (D:3)
  9 gnolls
  A dart slug (D:2)
  6 orcs
  9 ball pythons
  6 bats
  7 endoplasms
  5 giant cockroaches
  10 hobgoblins
  7 jackals
  4 kobolds
  4 quokkas
  3 frilled lizards
  10 goblins
  8 rats
104 creatures vanquished.

Notes
Turn   | Place    | Note
-------+----------+-------------------------------------------
     0 | D:1      | jasper the Ghoul Gladiator began the quest for the Orb.
     0 | D:1      | Reached XP level 1. HP: 17/17 MP: 1/1
   101 | D:1      | Reached skill level 3 in Axes
   124 | D:1      | Reached XP level 2. HP: 16/24 MP: 2/2
   509 | D:1      | Reached XP level 3. HP: 29/29 MP: 3/3
   996 | D:2      | Reached skill level 4 in Axes
  1284 | D:2      | Reached XP level 4. HP: 27/36 MP: 4/4
  1442 | D:2      | Reached skill level 5 in Axes
  1444 | D:2      | Reached XP level 5. HP: 29/41 MP: 5/5
  1826 | D:2      | Found a faded altar of an unknown god.
  1937 | D:3      | Noticed Ijyb
  1943 | D:3      | Killed Ijyb
  2123 | D:3      | Noticed Robin
  2146 | D:3      | Killed Robin
  2441 | D:3      | Reached XP level 6. HP: 48/48 MP: 6/6
  2523 | D:3      | Found Hiery's Jewellery Emporium.
  2852 | D:3      | Found a blossoming altar of Fedhas.
  2892 | D:3      | Found an iron altar of Okawaru.
  3074 | D:3      | Became a worshipper of Warmaster Okawaru
  3150 | D:4      | Reached skill level 6 in Axes
  3414 | D:4      | Reached * piety under Okawaru
  3415 | D:4      | Reached skill level 7 in Axes
  3415 | D:4      | Reached XP level 7. HP: 55/55 MP: 7/7
  3420 | D:4      | You fall into a shaft and drop 3 floors!
  3673 | D:7      | Noticed a hornet
  3698 | D:7      | Killed a hornet
  3699 | D:7      | Reached skill level 8 in Axes
  3962 | D:7      | Noticed a wraith
  3970 | D:7      | Reached XP level 8. HP: 47/61 MP: 3/8
  3980 | D:7      | Killed a wraith
  3980 | D:7      | Reached ** piety under Okawaru
  3981 | D:7      | Reached skill level 9 in Axes
  4108 | D:7      | Mangled by an orc warrior

Illustrated notes

Levels and vault maps discovered:
D:1:      dpeg_arrival_ratfight, layout_loops_corners, serial_glass,
          glass_columns_a, glass_columns_c
D:2:      layout_loops_ring, dilly_ecumenical_altar_fadedgnrine,
          minmay_divided_ellipse
D:3:      layout_loops_ring, mainiacjoe_overflow_swirl, serial_shops,
          nicolae_shop_hallway_stairs, uniq_ijyb, uniq_robin
D:4:      layout_basic, uniq_pikel
D:7:      layout_loops_ring, minivault_1, kennysheep_generic_room_2

Skill      XL: |  1  2  3  4  5  6  7  8 |
---------------+-------------------------+-----
Axes           | 3 4 5 7 8 9 |  9.0
Fighting       | |  2.1
Throwing       | |  1.7
Dodging        | |  2.6

Action                     |  1- 3 |  4- 6 |  7- 9 || total
---------------------------+-------+-------+-------++-------
  Melee: War axe           |   100 |   179 |    82 ||   361
         Punch             |     1 |       |     3 ||     4
  Throw: Throwing net      |     3 |     2 |     1 ||     6
         Javelin           |       |     4 |       ||     4
         Stone             |       |     4 |       ||     4
 Invoke: Heroism           |       |       |     2 ||     2
    Use: Scroll            |     5 |     5 |     1 ||    11
         Potion            |       |       |     2 ||     2
   Stab: Held in net/web   |     1 |     2 |       ||     3
 Armour: Leather armour    |    33 |       |       ||    33
         Scale mail        |    12 |       |       ||    12
         Chain mail        |     9 |   122 |       ||   131
         Plate armour      |       |    34 |   101 ||   135
  Dodge: Dodged            |    64 |    78 |    30 ||   172
